 Dungeon Crawl Stone Soup version 0.19-a0-994-g3c636f0 (webtiles) character file.

11325 4thArraOfDagon the Grappler (level 11, -2/104 HPs)
             Began as a Troll Abyssal Knight on July 16, 2016.
             Was an Elder of Lugonu.
             Slain by a hill giant
             ... wielding a +0 giant club
              (38 damage)
             ... on level 12 of the Dungeon.
             The game lasted 00:23:15 (4603 turns).

4thArraOfDagon the Grappler (Troll Abyssal Knight)  Turns: 4603, Time: 00:23:16

Health: -2/104     AC: 13    Str: 26    XL:     11   Next: 47%
Magic:  6/14       EV: 11    Int:  8    God:    Lugonu [****..]
Gold:   353        SH:  0    Dex:  8    Spells: 2 memorised, 5 levels left

rFire  . . .     SeeInvis .       - Unarmed
rCold  . . .     Gourm    +     a - +0 robe
rNeg   . . .     Faith    .     (no shield)
rPois  .         Spirit   .     I - +2 hat {Int+3}
rElec  .         Dismiss  .     P - +0 cloak
rCorr  .         Reflect  .     (gloves unavailable)
SustAt .         Harm     .     (boots unavailable)
MR     +....     Clarity  +     (no amulet)
Stlth  +.........               O - ring of protection from magic
                                n - -4 ring of intelligence (curse)

@: somewhat resistant to hostile enchantments, very unstealthy
A: unfitting armour, claws 3, hooves 1, rough black scales 1, yellow scales 1,
clarity, deformed body, dopey 1, fast metabolism 3, gourmand, low mp 1, sense
surroundings 1, regeneration 2, shaggy fur 1, strong 2, tough skin 2, sturdy
frame 1
a: Depart the Abyss, Bend Space, Banish, Corrupt, Renounce Religion


You were on level 12 of the Dungeon.
You worshipped Lugonu.
Lugonu was greatly pleased with you.
You were not hungry.

You visited 1 branch of the dungeon, and saw 12 of its levels.
You visited the Abyss 1 time.
You also visited: Sewer and Ossuary.

You collected 586 gold pieces.
You spent 233 gold pieces at shops.

Inventory:

Hand Weapons
 k - a +1 dagger of venom
 z - a +0 giant spiked club
Missiles
 S - a throwing net (quivered)
Armour
 a - a +0 robe (worn)
 I - a +2 hat of intelligence (worn)
 P - a +0 cloak (worn)
Jewellery
 n - a cursed -4 ring of intelligence (left claw)
 L - an uncursed ring of wizardry
 O - a ring of protection from magic (right claw)
Wands
 r - a wand of lightning (3/15)
 v - a wand of lightning (8/15)
 G - a wand of iceblast (7/15)
 H - a wand of teleportation (1/9)
 J - a wand of acid (10/15)
 K - a wand of disintegration (12/24)
 R - a wand of slowing (15/48)
Scrolls
 c - 3 scrolls of noise {unknown}
 f - 2 scrolls of teleportation {unknown}
 g - 6 scrolls of identify
 j - a scroll of amnesia {unknown}
 l - 6 scrolls of remove curse {unknown}
 m - 3 scrolls of blinking {unknown}
 p - 6 scrolls of fear {unknown}
 q - 4 scrolls of immolation {unknown}
 x - 4 scrolls of recharging
 y - 3 scrolls of random uselessness {unknown}
 A - a scroll of enchant armour {unknown}
 F - 3 scrolls of fog {unknown}
 M - a scroll of acquirement {unknown}
 N - a scroll of magic mapping
Potions
 d - a potion of lignification {unknown}
 e - 5 potions of agility
 h - 2 potions of brilliance {unknown}
 o - a potion of flight {unknown}
 u - a potion of berserk rage
 B - 2 potions of invisibility {unknown}
 C - 2 potions of cancellation {unknown}
 E - 5 potions of curing
 Q - a potion of experience {unknown}
Books
 t - an Akashic Record

   Spells                             Type                      Level
   a - Dispersal                      Translocation                6
   b - Malign Gateway                 Summoning/Translocation      7
   c - Disjunction                    Translocation                8
   d - Controlled Blink               Translocation                8
Comestibles
 b - 8 bread rations
 i - 12 slices of pizza
 s - a beef jerky
 w - 6 meat rations


   Skills:
 - Level 5.4 Fighting
 - Level 5.2 Dodging
 - Level 12.6 Unarmed Combat
 + Level 1.3 Spellcasting
 * Level 2.3 Transmutations
 * Level 2.8 Earth Magic
 - Level 8.2 Invocations


You had 5 spell levels left.
You knew the following spells:

 Your Spells              Type           Power        Failure   Level  Hunger
a - Animate Skeleton      Necr           N/A          43%         1    ##.....
b - Statue Form           Tmut/Erth      #........    100%        6    #######


Dungeon Overview and Level Annotations

Branches:
Dungeon (12/15)            Temple (0/1) D:6
   Lair: D:8-11         Orc: D:9-12

Altars:
Ashenzari
Makhleb
Nemelex Xobeh
Okawaru
Qazlal
Ru
Trog
Vehumet
Xom

Shops:
D:6 [!*   D:9 [

Annotations:
D:4 exclusion: statue
D:10 corrupted
Abyss:1 Psyche


Innate Abilities, Weirdness & Mutations

You are too large for most types of armour.
You have claws for hands.
Your metabolism is lightning-fast.
You like to eat raw meat.
You heal very quickly.
You are covered in fur. (AC +1)
You have very tough skin. (AC +2)
You have large cloven feet.
You are partially covered in rough black scales. (AC +4, Dex -1)
You are partially covered in yellow scales. (AC +2)
You possess an exceptional clarity of mind.
Armour fits poorly on your strangely shaped body.
You are dopey. (Int -2)
Your magical capacity is low. (-10% MP)
You passively map a small area around you.
Your muscles are very strong. (Str +4)
Your movements are slightly less encumbered by armour. (ER -2)


Message History

You barely miss the hill giant. Your kick misses the hill giant.
The hill giant is severely wounded.
Unknown command.
Press: ? - help, Shift-Dir - straight line, f - hill giant
Aim: a hill giant, wielding a giant club (severely wounded, chance to defeat MR: 73%)
The hill giant struggles to resist.
You feel quite a bit more hungry.
The hill giant hits you with a giant club!!
* * * LOW HITPOINT WARNING * * *
Unknown command.
Unknown command.
Press: ? - help, Shift-Dir - straight line, f/p - hill giant
Aim: a hill giant, wielding a giant club (severely wounded, chance to defeat MR: 73%)
The hill giant struggles to resist.
You feel somewhat more hungry.
The hill giant hits you with a giant club.
* * * LOW HITPOINT WARNING * * *
Unknown command.
Unknown command.
You feel much better.
The hill giant hits you with a giant club!!!
You die...

, , , , ...
#.# , ,,,
,...... .#
#.... ... ,
#.#.#.... *
*+* #.#.#....
* # #........
,, *
#.###......##
#..@C........
,*
#####<#...|..
#...# #.###
......# #,
##...... ,, *
#...###, * *
#... * , , *,
.... ##...


You could see a hill giant.

Vanquished Creatures
  Gastronok (D:8)
  Erica (D:8)
  An unseen horror (D:11)
  2 hill giants
  Pikel (D:8)
  A cyclops (D:12)
  An ugly thing (D:12)
  Joseph (D:10)
  A gargoyle (D:10)
  A troll (D:10)
  A two-headed ogre (D:9)
  Sigmund (D:6)
  2 wyverns (D:10)
  A shadow (D:10)
  A human (D:8)
  A hungry ghost (D:9)
  A hippogriff (D:10)
  5 sky beasts
  5 orc warriors
  An ice beast (D:9)
  Purgy (Sewer)
  3 ogres
  3 phantoms
  A centaur (D:9)
  A big kobold (D:10)
  A giant frog (D:8)
  3 elf zombies (Ossuary)
  An elf skeleton (D:7)
  A scorpion (D:6)
  2 killer bees (D:5)
  A howler monkey (D:9)
  9 crimson imps
  5 centaur zombies (Ossuary)
  2 giant frog zombies
  5 hounds
  2 centaur skeletons
  7 orc wizards
  A giant frog skeleton (D:5)
  4 orc priests
  4 human zombies (Ossuary)
  2 jellies
  Natasha (twice) (D:4)
  2 iguanas
  2 human skeletons (D:7)
  3 worker ants
  A hound skeleton (D:5)
  3 mummies (Ossuary)
  Robin (D:2)
  2 howler monkey skeletons
  A worker ant zombie (D:5)
  5 adders
  3 shadow imps (D:10)
  An ooze (D:7)
  An adder skeleton (D:4)
  2 adder zombies
  4 worms
  A dart slug (D:1)
  4 giant geckos
  19 orcs
  2 ball pythons
  6 giant cockroaches
  9 hobgoblins
  18 jackals
  4 quokkas
  6 bats
  A giant cockroach zombie (D:5)
  A giant gecko zombie (D:5)
  5 giant newts
  13 goblins
  18 kobolds
  3 orc skeletons (D:7)
  6 rats
238 creatures vanquished.

Vanquished Creatures (collateral kills)
  A tengu warrior (D:10)
1 creature vanquished.

Vanquished Creatures (others)
  A death knight (D:10)
  A skeletal warrior (D:10)
  2 freezing wraiths (D:10)
  A wraith (D:10)
  A hungry ghost (D:10)
  2 slaves (D:8)
  A giant frog (D:8)
  8 killer bees
  An orc wizard (D:8)
  An orc (D:8)
19 creatures vanquished.

Grand Total: 258 creatures vanquished

Notes
Turn   | Place    | Note
-------+----------+-------------------------------------------
     0 | Abyss:1  | 4thArraOfDagon the Troll Abyssal Knight began the quest for the Orb.
     0 | Abyss:1  | Reached XP level 1. HP: 22/22 MP: 1/1
    17 | Abyss:2  | Found a corrupted altar of Lugonu.
    31 | Abyss:2  | Noticed a giant orange brain
    49 | Abyss:2  | Noticed a shadow demon
    49 | Abyss:2  | Noticed a fire dragon simulacrum
    52 | Abyss:2  | Noticed a small abomination
    52 | Abyss:2  | Noticed a wretched star
    54 | Abyss:2  | Noticed a red devil
    58 | Abyss:2  | Noticed a raiju
    58 | Abyss:2  | Noticed a raiju
    58 | Abyss:2  | Noticed a wretched star
    58 | Abyss:2  | Noticed a raiju
    59 | D:1      | Escaped the Abyss
   267 | D:1      | Reached * piety under Lugonu
   267 | D:1      | Reached XP level 2. HP: 21/23 MP: 2/2
   366 | D:1      | Reached skill level 3 in Unarmed Combat
   400 | D:1      | Reached XP level 3. HP: 27/28 MP: 3/3
   484 | D:2      | Noticed Robin
   514 | D:2      | Killed Robin
   527 | D:2      | Found a burning altar of Makhleb.
   656 | D:2      | Reached ** piety under Lugonu
   691 | D:2      | Found a shattered altar of Ashenzari.
   750 | D:2      | Reached XP level 4. HP: 44/44 MP: 4/4
   842 | D:3      | Found a stormy altar of Qazlal.
   914 | D:3      | Reached skill level 4 in Unarmed Combat
   940 | D:3      | Found a glowing drain.
   944 | Sewer    | Entered a sewer
  1033 | Sewer    | Noticed Purgy
  1040 | Sewer    | Killed Purgy
  1040 | Sewer    | Reached XP level 5. HP: 30/50 MP: 4/6
  1238 | D:5      | Entered Level 5 of the Dungeon
  1243 | D:5      | Reached skill level 5 in Unarmed Combat
  1246 | D:5      | Reached XP level 6. HP: 59/59 MP: 7/7
  1269 | D:5      | Reached *** piety under Lugonu
  1285 | D:5      | Noticed a sky beast
  1296 | D:5      | Killed a sky beast
  1296 | D:5      | Reached skill level 6 in Unarmed Combat
  1303 | D:5      | Gained mutation: You are partially covered in yellow scales. (AC +2) [mutagenic meat]
  1359 | D:5      | Found a bloodstained altar of Trog.
  1369 | D:4      | Noticed Natasha
  1380 | D:4      | Killed Natasha
  1380 | D:4      | Reached XP level 7. HP: 35/66 MP: 7/9
  1393 | D:4      | Found a radiant altar of Vehumet.
  1406 | D:4      | Noticed Natasha
  1415 | D:4      | Killed Natasha
  1561 | D:6      | Found Vutyscha's Distillery.
  1567 | D:6      | Bought a potion of mutation for 32 gold pieces
  1567 | D:6      | Bought a potion of mutation for 32 gold pieces
  1567 | D:6      | Bought 2 potions of berserk rage for 130 gold pieces
  1567 | D:6      | Bought a potion of degeneration for 13 gold pieces
  1582 | D:6      | Gained mutation: You have large cloven feet. [potion of mutation]
  1582 | D:6      | Gained mutation: You evolve. [potion of mutation]
  1582 | D:6      | Gained mutation: You are dopey. (Int -2) [potion of mutation]
  1583 | D:6      | Gained mutation: Your muscles are strong. (Str +2) [potion of mutation]
  1583 | D:6      | Gained mutation: Your muscles are very strong. (Str +4) [potion of mutation]
  1583 | D:6      | Gained mutation: Armour fits poorly on your strangely shaped body. [potion of mutation]
  1584 | D:6      | Gained mutation: Your magical capacity is low. (-10% MP) [potion of mutation]
  1584 | D:6      | Gained mutation: Your movements are slightly less encumbered by armour. (ER -2) [potion of mutation]
  1584 | D:6      | Gained mutation: You possess an exceptional clarity of mind. [potion of mutation]
  1619 | D:6      | Found Plog's Assorted Antiques.
  1630 | D:6      | Bought a scroll labeled TAOTAED ARGHESK for 26 gold pieces
  1674 | D:6      | Noticed Sigmund
  1685 | D:6      | Killed Sigmund
  1685 | D:6      | Reached skill level 7 in Unarmed Combat
  1917 | D:5      | Reached XP level 8. HP: 66/74 MP: 9/9
  1945 | D:5      | HP: 3/74 [poisoned by a killer bee]
  1948 | D:5      | Reached skill level 8 in Unarmed Combat
  1952 | D:5      | Reached skill level 5 in Invocations
  1986 | D:5      | Found a sparkling altar of Nemelex Xobeh.
  2046 | D:6      | Found a burning altar of Makhleb.
  2046 | D:6      | Noticed a green death
  2052 | D:6      | Found Quecutodgh's Armour Boutique.
  2137 | D:6      | Found a staircase to the Ecumenical Temple.
  2182 | D:7      | Found a sand-covered staircase.
  2190 | Ossuary  | Entered an ossuary
  2215 | Ossuary  | Reached skill level 9 in Unarmed Combat
  2242 | Ossuary  | Reached **** piety under Lugonu
  2519 | D:8      | Reached XP level 9. HP: 73/80 MP: 11/11
  2551 | D:8      | Noticed Pikel
  2580 | D:8      | Noticed Psyche
  2585 | D:8      | Killed Pikel
  2585 | D:8      | Reached skill level 10 in Unarmed Combat
  2590 | D:8      | Banished Psyche
  2740 | D:8      | Found a shimmering altar of Xom.
  2761 | D:8      | Noticed Erica
  2777 | D:8      | Killed Erica
  2813 | D:8      | Noticed Gastronok
  2821 | D:8      | Killed Gastronok
  2821 | D:8      | Reached skill level 11 in Unarmed Combat
  2821 | D:8      | Reached XP level 10. HP: 93/93 MP: 11/12
  3070 | D:8      | Gained mutation: You are partially covered in rough black scales. (AC +4, Dex -1) [evolution]
  3090 | D:7      | Found a sacrificial altar of Ru.
  3267 | D:9      | Found an iron altar of Okawaru.
  3296 | D:9      | Found Jiucoas's Antique Armour Shoppe.
  3382 | D:9      | Reached ***** piety under Lugonu
  3473 | D:10     | Entered Level 10 of the Dungeon
  3550 | D:10     | Reached skill level 5 in Fighting
  3550 | D:10     | Reached skill level 12 in Unarmed Combat
  3655 | D:10     | Found a large runed door.
  3655 | D:10     | Noticed Joseph
  3676 | D:10     | Killed Joseph
  3685 | D:10     | Found a large runed door.
  3728 | D:10     | Noticed a hill giant
  3732 | D:10     | Killed a hill giant
  3732 | D:10     | Reached skill level 5 in Dodging
  3733 | D:10     | Reached XP level 11. HP: 87/104 MP: 14/14
  3747 | D:10     | Identified the Tome of Gravity (You found it on level 10 of the Dungeon)
  3749 | D:10     | Learned a level 1 spell: Animate Skeleton
  3766 | D:10     | Noticed a tengu warrior
  3776 | D:10     | Killed a tengu warrior
  3783 | D:10     | Found a large runed door.
  3783 | D:10     | Found a large runed door.
  3953 | D:10     | Learned a level 6 spell: Statue Form
  4006 | D:10     | Lost mutation: You evolve. [evolution]
  4023 | D:10     | Noticed a death knight
  4024 | D:10     | Noticed a skeletal warrior
  4024 | D:10     | Corrupted D:10
  4024 | D:10     | Noticed a starcursed mass
  4026 | D:10     | Noticed a bone dragon
  4035 | D:10     | Killed a skeletal warrior
  4041 | D:10     | Killed a death knight
  4048 | D:10     | Noticed a large abomination
  4145 | D:11     | Noticed a hill giant
  4151 | D:11     | Killed a hill giant
  4151 | D:11     | Reached skill level 1 in Transmutations
  4151 | D:11     | Reached skill level 1 in Earth Magic
  4223 | D:11     | Killed an unseen horror
  4455 | D:12     | Noticed a green ugly thing
  4475 | D:12     | Killed a green ugly thing
  4475 | D:12     | Reached skill level 1 in Spellcasting
  4485 | D:12     | Gained mutation: You passively map a small area around you. [mutagenic meat]
  4581 | D:12     | Noticed a hill giant
  4603 | D:12     | Slain by a hill giant

Vault maps used:
D:1:      kilobyte_arrival_exit_the_forest
D:2:      old_standard_altar, nicolae_ashenzari_panopticon, uniq_robin
D:3:      nicolae_overflow_quartered_altars, lemuel_crystal_altar,
          gup_sewer_entry_bowl, serial_co_window_serial, co_window_corner_a,
          co_window_corner_a, co_window_of_opportunity_a, co_window_paths_b,
          co_window_paths_a, co_window_broadway_c, co_window_corner_ca,
          co_window_corner_cb, co_window_paths_e, glass_columns_c,
          glass_columns_b, glass_columns_c
D:4:      vehumet_statue, nicolae_dithmenos_through_a_glass_darkly, first_bread,
          tso_altar, uniq_natasha
D:5:      nemelex_xobeh_ov_fountains_minmay, serial_undead, serial_undead_f,
          serial_undead_d, serial_undead_a, serial_undead_b, trog_wizard
D:6:      serial_shops, shop, nicolae_shop_statue_plus, nicolae_shop_crystal,
          shop, makhleb_altar_promises_db, uniq_sigmund
D:7:      statuecave_lemuel, nicolae_ru_awakened_eye,
          nicolae_ossuary_entry_catacombs
D:8:      old_standard_altar, grunt_pizzeria, uniq_pikel, uniq_psyche,
          uniq_gastronok, uniq_erica
D:9:      okawaru_ov_weapons_minmay, serial_shops, nicolae_shop_behind_doors
D:10:     minmay_hollow_rounded_squares, uniq_joseph
D:11:     david_lair_shrubbed
D:12:     orc_0_dummy, serial_corexii_hall, corexii_hall_statues_l,
          corexii_hall_statues_s
Sewer:    kennysheep_door_sewer
Ossuary:  ossuary_minmay_four_chambers

Skill      XL: |  1  2  3  4  5  6  7  8  9 10 11 |
---------------+----------------------------------+-----
Dodging        | 2 3 5 |  5.2
Unarmed Combat | 3 4 5 6 7 9 11 12 | 12.6
Invocations    | 2 3 4 6 7 8 |  8.2
Fighting       | 4 5 |  5.4
Transmutations | 2 |  2.3
Earth Magic    | 2 |  2.8
Spellcasting   | 1 |  1.3

Action                   |  1- 3 |  4- 6 |  7- 9 | 10-12 || total
-------------------------+-------+-------+-------+-------++-------
Melee: Unarmed           |   129 |   115 |   274 |   298 ||   816
       Punch             |     1 |       |    15 |    17 ||    33
       Kick              |       |       |    67 |    82 ||   149
 Cast: Animate Skeleton  |       |       |       |     3 ||     3
Invok: Depart the Abyss  |     1 |       |       |       ||     1
       Banish            |       |       |     3 |     6 ||     9
       Corrupt           |       |       |       |     1 ||     1
Evoke: Wand              |       |       |     2 |       ||     2
  Use: Scroll            |       |     3 |       |     2 ||     5
       Potion            |       |       |     8 |     1 ||     9
  Eat: Chunk             |    11 |     6 |    16 |    20 ||    53
Armor: Robe              |    52 |    46 |    56 |   115 ||   269
Dodge: Dodged            |    56 |    68 |    82 |   116 ||   322
